 Dungeon Crawl Stone Soup version 0.28-a0-422-gd71735cc25 (webtiles) character file.

Game seed: 7658511265371349075

1734 heikuro the Slasher (level 9, 0/69 HPs)
             Began as a Formicid Fighter on Sept 9, 2021.
             Was a Priest of Trog.
             Slain by a swamp worm (7 damage)
             ... on level 7 of the Dungeon.
             The game lasted 00:11:43 (6653 turns).

heikuro the Slasher (Formicid Fighter)              Turns: 6653, Time: 00:11:44

Health: 0/69       AC: 14    Str: 23    XL:     9   Next: 25%
Magic:  9/9        EV:  6    Int: 10    God:    Trog [***...]
Gold:   305        SH:  5    Dex: 11    Spells: 8/8 levels left

rFire   . . .      SeeInvis +   b - +2 dagger (elec)
rCold   + . .      Faith    .   c - +0 buckler
rNeg    . . .      Spirit   .   x - +0 plate armour
rPois   .          Reflect  .   (helmet unavailable)
rElec   .          Harm     .   (no cloak)
rCorr   .          Rampage  .   j - +0 pair of gloves
Will    ++...                   (no boots)
Stlth   ..........              (no amulet)
HPRegen 1.21/turn               (no ring)
MPRegen 0.11/turn               (no ring)

@: mighty, strong-willed, regenerating
A: permanent stasis, dig shafts and tunnels, antennae 3, four strong arms,
talons 1, clever 1, cold resistance 1
a: Dig, Shaft Self, Renounce Religion, Trog's Hand


You were on level 7 of the Dungeon.
You worshipped Trog.
Trog was most pleased with you.
You visited 1 branch of the dungeon, and saw 7 of its levels.

You collected 305 gold pieces.

Inventory:

Hand Weapons
 a - a +0 long sword
 b - a +2 dagger of electrocution (weapon)
 D - a +0 falchion of freezing
Missiles
 s - 6 curare-tipped darts
 u - 9 poisoned darts (quivered)
 y - a throwing net
Armour
 c - a +0 buckler (worn)
 j - a +0 pair of gloves (worn)
 x - a +0 plate armour (worn)
Jewellery
 e - an amulet of magic regeneration
Wands
 m - a wand of paralysis (6)
 p - a wand of polymorph (5)
 w - a wand of acid (4)
Scrolls
 i - a scroll of magic mapping {unknown}
 n - a scroll of vulnerability {unknown}
 o - 2 scrolls of teleportation {unknown}
 q - a scroll of torment {unknown}
 r - 4 scrolls of fog {unknown}
 t - a scroll of immolation {unknown}
 v - a scroll of brand weapon {unknown}
 z - a scroll of silence {unknown}
 B - a scroll of enchant weapon {unknown}
 C - a scroll of enchant armour {unknown}
Potions
 f - 2 potions of curing
 h - a potion of resistance
 k - 3 potions of attraction
 l - a potion of invisibility
 A - a potion of lignification


   Skills:
 + Level 6.0 Fighting
 * Level 7.0 Long Blades
 + Level 6.0 Armour
 + Level 6.6 Shields
 + Level 4.2 Evocations


You had 8 spell levels left.
You didn't know any spells.
Your spell library was empty.

Dungeon Overview and Level Annotations

Branches:
Dungeon (7/15)
 Temple: D:4-7

Altars:
Trog


Innate Abilities, Weirdness & Mutations

You cannot be hasted, slowed, berserked, paralysed or teleported.
You can dig through walls and to a lower floor.
You have a pair of large antennae on your head. (SInv)
Your four strong arms can wield two-handed weapons with a shield.
You have sharp toenails.
Your mind is acute. (Int +2)
Your flesh is cold resistant. (rC+)


Message History

The killer bee stings you. The killer bee barely misses you.
You hit the killer bee but do no damage.
The killer bee is lightly wounded.
You block the killer bee's attack.
You closely miss the killer bee.
The killer bee is lightly wounded.
The killer bee stings you but does no damage.
The killer bee stings you.
You miss the killer bee. You claw the killer bee.
The killer bee is moderately wounded.
A swamp worm comes into view.
You closely miss the swamp worm. You hit the swamp worm.
The swamp worm is lightly wounded.
The swamp worm bites you!
* * * LOW HITPOINT WARNING * * *
You barely miss the swamp worm.
The swamp worm is lightly wounded.
You block the swamp worm's attack.
You hit the swamp worm.
Lightning courses through the swamp worm!
Your kick misses the swamp worm.
The swamp worm is heavily wounded.
The swamp worm barely misses you.
You hit the swamp worm but do no damage.
Lightning courses through the swamp worm!
Your kick misses the swamp worm.
The swamp worm is almost dead.
The swamp worm bites you!!
* * * LOW HITPOINT WARNING * * *
You closely miss the swamp worm.
The swamp worm is almost dead.
The swamp worm bites you but does no damage.
Your skin crawls.
You feel strong-willed. You block the swamp worm's attack.
Okay, then.
You feel very mighty all of a sudden. The swamp worm bites you!
You die...

##.. #.......###^≈ ...#.
#.......# .# ....
#.......## .###
...###########.............
............##.......##..#
....#######.....{#####..#
.|..# ######yy.....## ...##
##w##....# ....#
######@###.##.....
)...#######..........# ####
...........)........##
...########.........# ..##
########### ###


You could see a swamp worm and a killer bee.

Vanquished Creatures
  Duvessa (D:6)
  An ice beast (D:6)
  An ogre (D:5)
  A centaur (D:5)
  A kobold brigand (D:6)
  A wyvern zombie (D:6)
  Dowan (D:6)
  2 scorpions
  A water moccasin skeleton (D:5)
  3 killer bees (D:7)
  4 wights (D:5)
  A howler monkey (D:7)
  2 centaur zombies
  A bullfrog skeleton (D:6)
  A jelly (D:6)
  2 orc priests
  2 hounds
  Ijyb (D:3)
  2 iguanas (D:6)
  8 orc wizards
  A howler monkey skeleton (D:4)
  8 adders
  2 white imps
  A worm (D:2)
  A dart slug (D:2)
  23 orcs
  8 endoplasms
  A giant cockroach (D:2)
  2 hobgoblins
  3 jackals
  A quokka (D:1)
  2 ball pythons
  4 bats
  A frilled lizard (D:1)
  4 goblins
  4 kobolds
  2 rats
105 creatures vanquished.

Vanquished Creatures (others)
  A demonic plant (D:1)
  3 plants (D:7)
4 creatures vanquished.

Grand Total: 109 creatures vanquished

Notes
Turn   | Place    | Note
-------+----------+-------------------------------------------
     0 | D:1      | heikuro the Formicid Fighter began the quest for the Orb.
     0 | D:1      | Reached XP level 1. HP: 18/18 MP: 1/1
    91 | D:1      | Found a faded altar of an unknown god.
    91 | D:1      | Noticed a green death
   123 | D:1      | Reached XP level 2. HP: 20/24 MP: 2/2
   142 | D:1      | Became a worshipper of Trog the Wrathful
   142 | D:1      | Reached * piety under Trog
  1513 | D:2      | Reached XP level 3. HP: 29/29 MP: 3/3
  1688 | D:3      | Reached skill level 3 in Long Blades
  1688 | D:3      | Reached XP level 4. HP: 12/37 MP: 4/4
  1955 | D:3      | Reached ** piety under Trog
  2113 | D:3      | Reached XP level 5. HP: 31/42 MP: 5/5
  2609 | D:3      | Noticed Ijyb
  2620 | D:3      | Killed Ijyb
  2911 | D:4      | Reached XP level 6. HP: 21/48 MP: 6/6
  3398 | D:4      | Reached skill level 4 in Long Blades
  3407 | D:4      | Reached skill level 1 in Evocations
  3578 | D:5      | Entered Level 5 of the Dungeon
  3744 | D:5      | Reached skill level 5 in Shields
  3744 | D:5      | Reached XP level 7. HP: 33/55 MP: 7/7
  4212 | D:5      | Reached skill level 5 in Long Blades
  4268 | D:5      | Gained mutation: Your mind is acute. (Int +2) [potion of
                  | mutation]
  4268 | D:5      | Gained mutation: You have sharp toenails. [potion of
                  | mutation]
  4268 | D:5      | Gained mutation: Your flesh is cold resistant. (rC+)
                  | [potion of mutation]
  4299 | D:5      | Reached skill level 5 in Fighting
  4481 | D:5      | Reached skill level 5 in Armour
  4481 | D:5      | Reached XP level 8. HP: 60/62 MP: 8/8
  4522 | D:5      | Reached *** piety under Trog
  4980 | D:6      | Noticed Duvessa
  4988 | D:6      | Noticed Dowan
  5004 | D:6      | Killed Duvessa
  5011 | D:6      | Killed Dowan
  5012 | D:6      | Reached skill level 6 in Long Blades
  5825 | D:6      | Reached XP level 9. HP: 60/69 MP: 9/9
  6637 | D:7      | Reached skill level 7 in Long Blades
  6653 | D:7      | Slain by a swamp worm

Illustrated notes

Levels and vault maps discovered:
D:1:      wheals_arrival_shading, layout_basic,
          dreamdust_ecumenical_altar_sealed_demon, minmay_tetromino_l4
D:2:      layout_loops_ring, st_stairs_2
D:3:      layout_loops_ring, minivault_14, uniq_ijyb
D:4:      layout_cave_pools
D:5:      layout_cave_pools
D:6:      layout_cave_pods, uniq_duvessa
D:7:      layout_rooms, temple_green, worms_lemuel

Skill      XL: |  1  2  3  4  5  6  7  8  9 |
---------------+----------------------------+-----
Shields        | 4 5 6 |  6.6
Long Blades    | 3 4 5 6 7 |  7.0
Fighting       | 4 5 6 |  6.0
Armour         | 4 5 6 |  6.0
Evocations     | 1 2 3 4 |  4.2

Action                   |  1- 3 |  4- 6 |  7- 9 || total
-------------------------+-------+-------+-------++-------
Melee: Long sword        |    73 |   151 |   150 ||   374
       Kick              |       |       |    61 ||    61
       Dagger            |       |       |    93 ||    93
Throw: Dart              |       |       |     8 ||     8
Invok: Trog's Hand       |       |       |     4 ||     4
 Abil: Dig               |       |       |     2 ||     2
  Use: Scroll            |       |     1 |     7 ||     8
       Potion            |       |       |     3 ||     3
Armor: Scale mail        |     5 |       |       ||     5
       Chain mail        |    43 |   102 |    55 ||   200
       Plate armour      |       |       |   132 ||   132
Dodge: Dodged            |    25 |    63 |    84 ||   172
Block: Buckler           |    15 |    27 |    84 ||   126

Table legend: (Time is in decaauts)
 A = Elapsed time spent in this place.
 B = Non-inter-level travel time spent in this place.
 C = Inter-level travel time spent in this place.
 D = Time resting spent in this place.
 E = Time spent auto-exploring this place.
 F = Levels seen in this place.
 G = Mean time per level.
                   A        B        C        D        E       F      G
               +--------+--------+--------+--------+--------+-----+--------+
         Total |   6720 |   6554 |    166 |   1888 |   3174 |   7 |  960.0 |
       Dungeon |   6720 |   6554 |    166 |   1888 |   3174 |   7 |  960.0 |
               +--------+--------+--------+--------+--------+-----+--------+

Top non-repeatable levels by time:
     D:6: 1582 daAuts
     D:4: 1123 daAuts
     D:3: 1074 daAuts
     D:5: 970 daAuts
     D:1: 928 daAuts
     D:2: 906 daAuts
     D:7: 135 daAuts
